 Dungeon Crawl Stone Soup version 0.25.1-2-g60ff931df9 (webtiles) character file.

Game seed: 13378689282395281226

1089 Martska the Skirmisher (level 8, -13/71 HPs)
             Began as a Minotaur Fighter on Oct 2, 2020.
             Was a Follower of Elyvilon.
             Mangled by an orc warrior
             ... wielding a +0 trident
              (15 damage)
             ... on level 6 of the Dungeon.
             The game lasted 00:06:03 (6063 turns).

Martska the Skirmisher (Minotaur Fighter)           Turns: 6063, Time: 00:06:03

Health: -13/71     AC:  9    Str: 21    XL:     8   Next: 9%
Magic:  8/8        EV: 10    Int:  5    God:    Elyvilon [*.....]
Gold:   275        SH:  9    Dex: 12    Spells: 7/7 levels left

rFire    . . .     SeeInvis .   a - +0 war axe
rCold    . . .     Gourm    .   c - +0 kite shield
rNeg     + . .     Faith    .   b - +0 scale mail
rPois    +         Spirit   .   (helmet restricted)
rElec    .         Reflect  .   (no cloak)
rCorr    .         Harm     .   (no gloves)
MR       .....                  B - +0 pair of boots
Stlth    ..........             (no amulet)
HPRegen  0.21/turn              g - ring of poison resistance
MPRegen  0.11/turn              q - ring of positive energy

@: mighty
A: retaliatory headbutt, horns 2
a: Lesser Healing, Divine Protection, Renounce Religion


You were on level 6 of the Dungeon.
You worshipped Elyvilon.
Elyvilon was aware of your devotion.
You were not hungry.

You visited 2 branches of the dungeon, and saw 7 of its levels.

You collected 275 gold pieces.

Inventory:

Hand Weapons
 a - a +0 war axe (weapon)
Armour
 b - a +0 scale mail (worn)
 c - a +0 kite shield (worn)
 B - a +0 pair of boots (worn)
Jewellery
 g - a ring of poison resistance (left hand)
 q - a ring of positive energy (right hand)
 x - an uncursed ring of protection from cold
Wands
 v - a wand of random effects (12)
Scrolls
 e - 6 scrolls of identify {unknown}
 n - 2 scrolls of amnesia {unknown}
 o - 6 scrolls of fog {unknown}
 r - 2 scrolls of blinking {unknown}
 t - 2 scrolls of enchant weapon {unknown}
 w - 3 scrolls of teleportation {unknown}
 y - a scroll of remove curse {unknown}
Potions
 d - 2 potions of might
 h - 2 potions of cancellation {unknown}
 i - 3 potions of haste {unknown}
 j - a potion of degeneration {unknown}
 k - 2 potions of flight {unknown}
 l - a potion of ambrosia {unknown}
 m - a potion of heal wounds {unknown}
 p - a potion of resistance {unknown}
 s - a potion of berserk rage {unknown}
 u - 3 potions of curing {unknown}
 z - a potion of invisibility {unknown}
 A - a potion of mutation {unknown}
Comestibles
 f - 8 rations
 C - 2 chunks of flesh


   Skills:
 * Level 6.4 Fighting
 * Level 5.8 Axes
 * Level 6.4 Armour
 * Level 4.6 Dodging
 - Level 3.6 Shields
 * Level 2.6 Evocations


You had 7 spell levels left.
You didn't know any spells.
Your spell library was empty.

Dungeon Overview and Level Annotations

Branches:
Dungeon (6/15)             Temple (1/1) D:5

Altars:
Ashenzari
Cheibriados
Dithmenos
Elyvilon
Gozag
Hepliaklqana
Kikubaaqudgha
Makhleb
Nemelex Xobeh
Okawaru
Qazlal
Trog
Uskayaw
Wu Jian
Xom
Zin

Shops:
D:4 [


Innate Abilities, Weirdness & Mutations

You reflexively headbutt those who attack you in melee.
You have a pair of horns on your head.


Message History

* * * LOW HITPOINT WARNING * * *
You barely miss the gnoll.
The gnoll is almost dead.
You closely miss the gnoll. The orc hits you but does no damage.
You block the gnoll's attack. x2
The orc warrior hits you from afar with a +0 trident!
* * * LOW HITPOINT WARNING * * *
You slash the gnoll!
You kill the gnoll!
You hit the gnoll. The orc barely misses you. You block the gnoll's attack.
You block the orc warrior's attack.
The orc hits you from afar with a +0 trident.
* * * LOW HITPOINT WARNING * * *
The gnoll hits you but does no damage.
You slice the orc!!
You kill the orc!
You slash the gnoll!
You kill the gnoll!
The orc warrior hits you from afar with a +0 trident!
You die...

#...........### ##.........
#.............####..........
#.........#.#......(((((....
#.........#.#####)..........
#.........#.# #.........<..
##.......##.####............
##.....#..(................
######..#?#####...........
.......@# #...).......
.......J# ............
......o.o #...........
.......o.# .........#
.....[.... ..##.....# ##
###.##.


You could see an orc warrior, a jelly and 2 orcs.

Vanquished Creatures
  A water moccasin (D:6)
  A sky beast (D:5)
  A black bear (D:6)
  An ice beast (D:5)
  A centaur (D:6)
  A water moccasin zombie (D:6)
  A hound (D:4)
  2 centaur skeletons
  An orc priest (D:6)
  Terence (D:3)
  2 iguanas
  5 worker ants
  Robin (D:3)
  6 adders
  6 gnolls
  A shadow imp (D:5)
  6 worms
  3 leopard geckos
  9 orcs
  9 giant cockroaches
  12 hobgoblins
  4 jackals (D:1)
  8 kobolds
  4 quokkas
  2 ball pythons
  3 bats
  4 frilled lizards
  15 goblins
  A quokka skeleton (D:6)
  11 rats
123 creatures vanquished.

Notes
Turn   | Place    | Note
-------+----------+-------------------------------------------
     0 | D:1      | Martska the Minotaur Fighter began the quest for the Orb.
     0 | D:1      | Reached XP level 1. HP: 19/19 MP: 0/0
   184 | D:1      | Reached XP level 2. HP: 27/27 MP: 1/1
   405 | D:1      | Reached skill level 1 in Dodging
   831 | D:1      | Reached XP level 3. HP: 33/33 MP: 2/2
  1274 | D:2      | Found a faded altar of an unknown god.
  1454 | D:2      | Reached XP level 4. HP: 23/41 MP: 3/3
  1846 | D:3      | Noticed Terence
  1856 | D:3      | Killed Terence
  2148 | D:3      | Found a burning altar of Makhleb.
  2148 | D:3      | You fall into a shaft and drop 1 floor!
  2148 | D:4      | Found a stormy altar of Qazlal.
  2170 | D:4      | Reached XP level 5. HP: 47/47 MP: 4/4
  2799 | D:3      | Noticed Robin
  2807 | D:3      | Killed Robin
  2807 | D:3      | Reached skill level 5 in Fighting
  2807 | D:3      | Reached skill level 5 in Armour
  3112 | D:4      | Reached XP level 6. HP: 56/56 MP: 5/5
  3674 | D:4      | Found Yhopne's Antique Armour Emporium.
  3997 | D:5      | Entered Level 5 of the Dungeon
  4042 | D:5      | Noticed an ice beast
  4051 | D:5      | Killed an ice beast
  4051 | D:5      | Reached skill level 1 in Evocations
  4245 | D:5      | Found a staircase to the Ecumenical Temple.
  4276 | Temple   | Entered the Ecumenical Temple
  4548 | Temple   | Became a worshipper of Elyvilon the Healer
  4780 | D:5      | Reached XP level 7. HP: 56/61 MP: 6/6
  4949 | D:5      | Reached skill level 5 in Axes
  5783 | D:6      | Reached * piety under Elyvilon
  5983 | D:6      | Reached XP level 8. HP: 71/71 MP: 8/8
  6062 | D:6      | HP: 2/71 [orc/+0 trident (3)]
  6063 | D:6      | Mangled by an orc warrior

Illustrated notes

Levels and vault maps discovered:
D:1:      onia_arrival_mini_maze_b, layout_basic, minmay_worlds_worst_comb
D:2:      layout_rooms, chequers_ecumenical_altar_simple,
          chequers_serial_rivers_small_3
D:3:      layout_basic, nicolae_overflow_crystal_walls, uniq_robin, uniq_terence
D:4:      layout_loops_corners, lemuel_round_altar, serial_shops,
          nicolae_shop_statue_plus
D:5:      layout_basic, minmay_temple_entry_large_hall, first_ration
D:6:      layout_rooms, serial_shops, shop_fountains, minmay_between
Temple:   minmay_temple_curvy_branch

Skill      XL: |  1  2  3  4  5  6  7 |
---------------+----------------------+-----
Dodging        | 1 2 3 4 |  4.6
Fighting       | 4 5 6 |  6.4
Armour         | 4 5 6 |  6.4
Axes           | 3 4 5 |  5.8
Evocations     | 1 2 |  2.6
Shields        | |  3.6

Action                   |  1- 3 |  4- 6 |  7- 9 || total
-------------------------+-------+-------+-------++-------
Melee: War axe           |    99 |   163 |    70 ||   332
       Headbutt          |    13 |    22 |    14 ||    49
  Use: Potion            |       |       |     1 ||     1
  Eat: Chunk             |     2 |    11 |     1 ||    14
       Ration            |       |       |     1 ||     1
Armor: Scale mail        |    52 |    59 |    37 ||   148
Dodge: Dodged            |    34 |    55 |    27 ||   116
Block: Kite shield       |    42 |    73 |    48 ||   163
